NYP
LOWELL SPINNERS @ ABERDEEN IRONBIRDS
07/31/2048
 
TOP OF THE 1ST
Lowell Spinners batting - Pitching for Aberdeen Ironbirds : RHP Kevin Stewart
Pitching: RHP Kevin Stewart
Batting: RHB Matt Parker 0-0: Ball
1-0: Ball
2-0: Called Strike
2-1: Swinging Strike
2-2: Foul Ball, location: 2F
2-2: Strikes out swinging
Batting: RHB Rogelio Cervantes 0-0: Ground out 4-3 (Groundball, 4, EV 81.2 MPH)
Batting: SHB Salvador Padilla 0-0: Foul Ball, location: 2F
0-1: Ball
1-1: Fly out, F8 (Flyball, 8RM, EV 90.6 MPH)
Top of the 1st over - 0 runs, 0 hits, 0 errors, 0 left on base; Lowell 0 - Aberdeen 0
BOTTOM OF THE 1ST
Aberdeen Ironbirds batting - Pitching for Lowell Spinners : RHP Ryuhei Shimabukuro
Pitching: RHP Ryuhei Shimabukuro
Batting: LHB Vinny Rivera 0-0: Swinging Strike
0-1: Ball
1-1: Foul Ball, location: 2F
1-2: Ball
2-2: Strikes out swinging
Batting: LHB Pat Fontana 0-0: Called Strike
0-1: Ball
1-1: Fly out, F8 (Line Drive, 8RM, EV 97.5 MPH)
Batting: SHB Carlos Carrillo 0-0: Swinging Strike
0-1: Ball
1-1: Foul Ball, location: 2F
1-2: Ball
2-2: Ball
3-2: Strikes out looking
Bottom of the 1st over - 0 runs, 0 hits, 0 errors, 0 left on base; Lowell 0 - Aberdeen 0
TOP OF THE 2ND
Lowell Spinners batting - Pitching for Aberdeen Ironbirds : RHP Kevin Stewart
Batting: RHB Xavier Joslin 0-0: Ball
1-0: Ball
2-0: Ball
3-0: Called Strike
3-1: Called Strike
3-2: Fly out, F6 (Flyball, 6MD, EV 86.2 MPH)
Batting: RHB Mario Arriero 0-0: Foul Ball, location: 2F
0-1: Called Strike
0-2: Ball
1-2: Strikes out swinging
Batting: RHB Willie Camacho 0-0: Called Strike
0-1: Ball
1-1: Foul Ball, location: 2F
1-2: Strikes out swinging
Top of the 2nd over - 0 runs, 0 hits, 0 errors, 0 left on base; Lowell 0 - Aberdeen 0
BOTTOM OF THE 2ND
Aberdeen Ironbirds batting - Pitching for Lowell Spinners : RHP Ryuhei Shimabukuro
Batting: RHB Jonathan Mendoza 0-0: Called Strike
0-1: Ball
1-1: Ball
2-1: Ball
3-1: Swinging Strike
3-2: Base on Balls
Batting: LHB Sam Williams 0-0: Fly out, F9 (Line Drive, 9S, EV 105.6 MPH)
Batting: RHB Kevin Popowicz 0-0: Called Strike
0-1: Ball
1-1: Ball
2-1: Ball
3-1: Grounds into double play, 5-4-3 (Groundball, 5, EV 90.6 MPH)
Bottom of the 2nd over - 0 runs, 0 hits, 0 errors, 0 left on base; Lowell 0 - Aberdeen 0
TOP OF THE 3RD
Lowell Spinners batting - Pitching for Aberdeen Ironbirds : RHP Kevin Stewart
Batting: RHB Mike Strey 0-0: Ball
1-0: Ground out 5-3 (Groundball, 56, EV 103.1 MPH)
Batting: RHB Jose Molina 0-0: Ball
1-0: Ground out 5-3 (Groundball, 5, EV 85.6 MPH)
Batting: LHB Robert Gonzalez 0-0: Swinging Strike
0-1: Ground out 3-1 (Groundball, 3D, EV 77.5 MPH)
Top of the 3rd over - 0 runs, 0 hits, 0 errors, 0 left on base; Lowell 0 - Aberdeen 0
BOTTOM OF THE 3RD
Aberdeen Ironbirds batting - Pitching for Lowell Spinners : RHP Ryuhei Shimabukuro
Batting: RHB Alfredo Reguera 0-0: Foul Ball, location: 2F
0-1: Foul Ball, location: 2F
0-2: Ball
1-2: DOUBLE (Line Drive, 8LD, EV 103.8 MPH)
Batting: RHB Fernando Bravo 0-0: Foul Ball, location: 2F
0-1: Fly out, F9 (Flyball, 9D, EV 91.9 MPH)
Runner from 2nd tags up, SAFE at 3rd, no throw by RF
Batting: RHB Matt Berrier 0-0: Foul Ball, location: 2F
0-1: Ball
1-1: Swinging Strike
1-2: Ball
2-2: DOUBLE (Groundball, 5L, EV 107.5 MPH)
Alfredo Reguera scores
Batting: LHB Vinny Rivera 0-0: Ball
1-0: Ball
2-0: Fly out, F5 (Popup, 6, EV 83.1 MPH)
Batting: LHB Pat Fontana 0-0: Ball
1-0: Ball
Wild Pitch!
Matt Berrier to third
2-0: Called Strike
2-1: Swinging Strike
2-2: Ball
3-2: Foul Ball, location: 2F
3-2: Foul Ball, location: 2F
3-2: Strikes out swinging
Bottom of the 3rd over - 1 run, 2 hits, 0 errors, 1 left on base; Lowell 0 - Aberdeen 1
TOP OF THE 4TH
Lowell Spinners batting - Pitching for Aberdeen Ironbirds : RHP Kevin Stewart
Batting: RHB Matt Parker 0-0: Ball
1-0: Ball
2-0: Called Strike
2-1: Ball
3-1: Base on Balls
Batting: RHB Rogelio Cervantes 0-0: Ground out 5-3 (Groundball, 5, EV 86.9 MPH)
Matt Parker to second
Batting: SHB Salvador Padilla 0-0: Called Strike
0-1: Called Strike
0-2: Ball
1-2: Ball
2-2: Foul Ball, location: 2F
2-2: Ball
3-2: Base on Balls
Batting: RHB Xavier Joslin 0-0: Ball
1-0: Ball
Wild Pitch!
Matt Parker to third
Salvador Padilla to second
2-0: Ball
Wild Pitch!
Matt Parker scores
Salvador Padilla to third
3-0: Called Strike
3-1: Foul Ball, location: 2F
3-2: DOUBLE (Flyball, 3D, EV 97.5 MPH)
Salvador Padilla scores
Batting: RHB Mario Arriero 0-0: Foul Ball, location: 2F
0-1: Ball
1-1: Fly out, F8 (Flyball, 8RM, EV 83.1 MPH)
Batting: RHB Willie Camacho 0-0: Foul Ball, location: 2F
0-1: Ball
1-1: Ball
2-1: Called Strike
2-2: Strikes out swinging
Top of the 4th over - 2 runs, 1 hit, 0 errors, 1 left on base; Lowell 2 - Aberdeen 1
BOTTOM OF THE 4TH
Aberdeen Ironbirds batting - Pitching for Lowell Spinners : RHP Ryuhei Shimabukuro
Batting: SHB Carlos Carrillo 0-0: Foul Ball, location: 2F
0-1: Swinging Strike
0-2: Ball
1-2: Ball
2-2: Ball
3-2: Foul Ball, location: 2F
3-2: Base on Balls
Batting: RHB Jonathan Mendoza 0-0: Foul Ball, location: 2F
0-1: Foul Ball, location: 2F
0-2: Foul Ball, location: 2F
0-2: Ball
1-2: Ball
2-2: DOUBLE (Line Drive, 9LS, EV 107.5 MPH)
Carlos Carrillo to third
Batting: LHB Sam Williams 0-0: Called Strike
0-1: Fly out, F9 (Flyball, 9D, EV 89.4 MPH)
Runner from 3rd tags up, SCORES, no throw by RF
Batting: RHB Kevin Popowicz 0-0: Ball
1-0: Ball
2-0: Ball
3-0: Base on Balls
Batting: RHB Alfredo Reguera 0-0: Ball
1-0: Called Strike
1-1: Called Strike
1-2: Ball
2-2: Foul Ball, location: 2F
2-2: Ball
3-2: Foul Ball, location: 2F
3-2: Strikes out swinging
Batting: RHB Fernando Bravo 0-0: Ground out 5-3 (Groundball, 56S, EV 83.8 MPH)
Bottom of the 4th over - 1 run, 1 hit, 0 errors, 2 left on base; Lowell 2 - Aberdeen 2
TOP OF THE 5TH
Lowell Spinners batting - Pitching for Aberdeen Ironbirds : RHP Kevin Stewart
Batting: RHB Mike Strey 0-0: Ball
1-0: Ball
2-0: Ground out 4-3 (Groundball, 4, EV 88.1 MPH)
Batting: RHB Jose Molina 0-0: Called Strike
0-1: Fly out, F8 (Flyball, 78M, EV 97.5 MPH)
Batting: LHB Robert Gonzalez 0-0: Ball
1-0: Foul Ball, location: 2F
1-1: Swinging Strike
1-2: Fly out, F5 (Popup, 5SF, EV 66.2 MPH)
Top of the 5th over - 0 runs, 0 hits, 0 errors, 0 left on base; Lowell 2 - Aberdeen 2
BOTTOM OF THE 5TH
Aberdeen Ironbirds batting - Pitching for Lowell Spinners : RHP Ryuhei Shimabukuro
Batting: RHB Matt Berrier 0-0: Ball
1-0: Ball
2-0: Reached on error, E4 (Groundball, 4, EV 109.4 MPH)
Batting: LHB Vinny Rivera 0-0: Ball
1-0: SINGLE (Line Drive, 7S, EV 96.9 MPH)
Matt Berrier to third
Batting: LHB Pat Fontana 0-0: Called Strike
Vinny Rivera steals 2nd base
0-1: Ball
1-1: Called Strike
1-2: Ball
2-2: Foul Ball, location: 2F
2-2: Strikes out looking
Pitching: RHP Jose Abanto
Batting: SHB Carlos Carrillo 0-0: Ball
1-0: DOUBLE (Line Drive, 3D, EV 101.2 MPH)
Matt Berrier scores
Vinny Rivera scores
Batting: RHB Jonathan Mendoza 0-0: Called Strike
0-1: SINGLE (Line Drive, 5D, EV 96.2 MPH)
Carlos Carrillo to third
Runner from 3rd tries for Home, SAFE, throw by LF to home
Batting: LHB Sam Williams 0-0: Ball
1-0: Called Strike
1-1: Foul Ball, location: 2F
1-2: Strikes out swinging
Jonathan Mendoza is caught stealing 2nd base 2-6
Batter strikes out.
Bottom of the 5th over - 3 runs, 3 hits, 1 error, 0 left on base; Lowell 2 - Aberdeen 5
TOP OF THE 6TH
Lowell Spinners batting - Pitching for Aberdeen Ironbirds : RHP Kevin Stewart
Batting: RHB Matt Parker 0-0: Ball
1-0: Called Strike
1-1: SINGLE (Groundball, 6MD, EV 104.4 MPH)
Batting: RHB Rogelio Cervantes 0-0: Called Strike
0-1: Grounds into double play, 6-4-3 (Groundball, 6, EV 85.0 MPH)
Batting: SHB Salvador Padilla 0-0: Foul Ball, location: 2F
0-1: Foul Ball, location: 2F
0-2: Hit by Pitch
Batting: RHB Xavier Joslin 0-0: Called Strike
0-1: Ball
1-1: Ground out 6-3 (Groundball, 4MS, EV 88.8 MPH)
Top of the 6th over - 0 runs, 1 hit, 0 errors, 1 left on base; Lowell 2 - Aberdeen 5
BOTTOM OF THE 6TH
Aberdeen Ironbirds batting - Pitching for Lowell Spinners : RHP Jose Abanto
Batting: RHB Kevin Popowicz 0-0: Ball
1-0: Foul Ball, location: 2F
1-1: Foul Ball, location: 2F
1-2: Ball
2-2: Ball
3-2: TRIPLE (Flyball, 89XD, EV 101.2 MPH)
Batting: RHB Alfredo Reguera 0-0: Swinging Strike
0-1: Ball
Passed Ball!
Kevin Popowicz scores
1-1: Ball
2-1: Ground out 3-1 (Groundball, 34S, EV 84.4 MPH)
Batting: RHB Fernando Bravo 0-0: Ball
1-0: Ball
2-0: Ball
3-0: Called Strike
3-1: Base on Balls
Batting: RHB Matt Berrier 0-0: Ball
1-0: Ground out 6-3 (Groundball, 6S, EV 70.0 MPH)
Fernando Bravo to second
Batting: LHB Vinny Rivera 0-0: Ball
1-0: Foul Ball, location: 2F
1-1: Ball
2-1: Called Strike
2-2: Ball
3-2: SINGLE (Groundball, 3D, EV 98.8 MPH)
Fernando Bravo to third
Runner from 3rd tries for Home, SAFE, throw by RF to home
Batting: LHB Pat Fontana 0-0: Ball
Vinny Rivera steals 2nd base
1-0: Called Strike
1-1: Swinging Strike
1-2: Strikes out swinging
Bottom of the 6th over - 2 runs, 2 hits, 0 errors, 1 left on base; Lowell 2 - Aberdeen 7
TOP OF THE 7TH
Lowell Spinners batting - Pitching for Aberdeen Ironbirds : RHP Kevin Stewart
Batting: RHB Mario Arriero 0-0: Called Strike
0-1: Called Strike
0-2: Ball
1-2: Foul Ball, location: 2F
1-2: Ball
2-2: Ball
3-2: DOUBLE (Line Drive, 89XD, EV 100.6 MPH)
Batting: RHB Willie Camacho 0-0: Ball
1-0: Ball
2-0: Swinging Strike
2-1: Swinging Strike
2-2: Strikes out swinging
Batting: RHB Mike Strey 0-0: Ball
1-0: Ground out 5-3 (Groundball, 56, EV 83.1 MPH)
Batting: RHB Jose Molina 0-0: Ball
1-0: Called Strike
1-1: Swinging Strike
1-2: Strikes out swinging
Top of the 7th over - 0 runs, 1 hit, 0 errors, 1 left on base; Lowell 2 - Aberdeen 7
BOTTOM OF THE 7TH
Aberdeen Ironbirds batting - Pitching for Lowell Spinners : RHP Jose Abanto
Batting: SHB Carlos Carrillo 0-0: Ball
1-0: Fly out, F8 (Flyball, 8LS, EV 93.1 MPH)
Batting: RHB Jonathan Mendoza 0-0: Called Strike
0-1: Foul Ball, location: 2F
0-2: Strikes out looking
Batting: LHB Sam Williams 0-0: Called Strike
0-1: Foul Ball, location: 2F
0-2: Strikes out looking
Bottom of the 7th over - 0 runs, 0 hits, 0 errors, 0 left on base; Lowell 2 - Aberdeen 7
TOP OF THE 8TH
Lowell Spinners batting - Pitching for Aberdeen Ironbirds : RHP Kevin Stewart
Batting: LHB Robert Gonzalez 0-0: Ball
1-0: Ball
2-0: Called Strike
2-1: Foul Ball, location: 2F
2-2: Strikes out swinging
Pitching: RHP Jason Turley
Batting: RHB Matt Parker 0-0: Called Strike
0-1: Ball
1-1: Ground out 5-3 (Groundball, 5, EV 84.4 MPH)
Batting: RHB Rogelio Cervantes 0-0: Foul Ball, location: 2F
0-1: Ball
1-1: Swinging Strike
1-2: Strikes out looking
Top of the 8th over - 0 runs, 0 hits, 0 errors, 0 left on base; Lowell 2 - Aberdeen 7
BOTTOM OF THE 8TH
Aberdeen Ironbirds batting - Pitching for Lowell Spinners : RHP Jose Abanto
Batting: RHB Kevin Popowicz 0-0: Ball
1-0: Called Strike
1-1: Foul Ball, location: 2F
1-2: Ground out 6-3 (Groundball, 6, EV 98.1 MPH)
Batting: RHB Alfredo Reguera 0-0: Called Strike
0-1: Ball
1-1: Ball
2-1: Ball
3-1: Foul Ball, location: 2F
3-2: Foul Ball, location: 2F
3-2: SOLO HOME RUN (Flyball, 8LXD, EV 117.5 MPH), Distance : 464 ft
Pitching: LHP Chris Deans
Batting: RHB Fernando Bravo 0-0: Called Strike
0-1: Ball
1-1: Foul Ball, location: 2F
1-2: SINGLE (Groundball, 56D, EV 101.9 MPH)
Batting: RHB Matt Berrier 0-0: Ball
1-0: Foul Ball, location: 2F
1-1: Swinging Strike
1-2: Fly out, F5 (Popup, 5SF, EV 71.2 MPH)
Batting: LHB Vinny Rivera 0-0: Called Strike
0-1: Ball
1-1: Ball
2-1: Fly out, F8 (Line Drive, 8RM, EV 91.9 MPH)
Bottom of the 8th over - 1 run, 2 hits, 0 errors, 1 left on base; Lowell 2 - Aberdeen 8
TOP OF THE 9TH
Lowell Spinners batting - Pitching for Aberdeen Ironbirds : RHP Jason Turley
Batting: SHB Salvador Padilla 0-0: Ball
1-0: Foul Ball, location: 2F
1-1: Ball
2-1: Ground out U3 (Groundball, 34S, EV 62.5 MPH)
Batting: RHB Xavier Joslin 0-0: Ball
1-0: Swinging Strike
1-1: Ball
2-1: Fly out, F6 (Popup, 6MS, EV 64.4 MPH)
Batting: RHB Mario Arriero 0-0: Called Strike
0-1: Fly out, F9 (Flyball, 89S, EV 85.6 MPH)
Top of the 9th over - 0 runs, 0 hits, 0 errors, 0 left on base; Lowell 2 - Aberdeen 8
Tuesday, March 28th , 2023 - OOTP Baseball 23.10 Build 110